Predators vs Rangers
Created - March 6, 2021 at 19:37
Goals
|
| Predators |
0 |
1 |
0 |
1 |
| Rangers |
1 |
4 |
0 |
5 |
|
Shots
|
| Predators |
11 |
14 |
8 |
33 |
| Rangers |
8 |
12 |
5 |
25 |
|
1st period
1. Rangers , Patrice Bergeron 26 (Andrei Kostitsyn 10, Patrik Nemeth 9) at 10:13
Penalties :
Steve Quailer (NYR) for Hooking (Minor) at 1:40, Patrice Bergeron (NYR) for Charging (Minor) at 13:58, Jaden Schwartz (Nas) for Hooking (Minor) at 15:15
2nd period
2. Rangers , Tomas Hertl 15 (Rostislav Olesz 18, Cam Barker 21) at 2:13
3. Rangers , Luke Schenn 7 (Patrice Bergeron 27) at 9:13
4. Rangers , Milan Lucic 30 (Luke Schenn 26, Patrice Bergeron 28) at 11:18 (PP)
5. Rangers , Ryan Strome 8 (Milan Lucic 47, Sean Couturier 27) at 12:52
6. Predators , Ryan Mcdonagh 9 (Jaden Schwartz 25, Andy Miele 12) at 15:39 (PP)
Penalties :
Mikael Granlund (Nas) for Hooking (Minor) at 9:22, Patrik Nemeth (NYR) for Diving (Minor) at 15:15, Matt Delahey (NYR) for Holding (Minor) at 18:41
3rd period
No Goal
Penalties :
Justin Faulk (Nas) for Tripping (Minor) at 3:53
Goalie Stats
Anders Lindback (Nas), 8 saves from 9 shots - (0.889), 28:42 minutes
Viktor Fasth (Nas), 12 saves from 16 shots - (0.750), L, 21-16-3, 31:18 minutes
Frederik Andersen (NYR), 32 saves from 33 shots - (0.970), W, 19-23-3, 60:00 minutes
Players Stats for Predators
Player Name G A P +/- PIM S H SB GA TA FO MP PP MP PK MP
------------------------------------------------------------------------------------
Alexander Edler 0 0 0 -2 0 1 0 4 0 0 0/0 16:16 2:07 2:11
Alexander Ovechkin 0 0 0 -1 0 3 1 0 1 0 3/8 22:03 3:19 2:55
Andy Miele 0 1 1 -1 0 2 0 0 0 0 4/6 16:29 2:20 0:00
Brendan Gallagher 0 0 0 -1 0 3 3 1 0 1 0/0 16:16 2:20 0:00
Byron Bitz 0 0 0 -2 0 0 0 1 0 1 0/0 13:10 0:00 1:24
Chris Higgins 0 0 0 -2 0 1 1 1 1 1 0/0 14:04 0:00 1:57
Dmitri Kalinin 0 0 0 -1 0 0 2 0 0 0 0/0 16:22 1:37 0:10
Jack Eichel 0 0 0 0 0 4 2 0 0 0 1/2 9:18 0:00 0:25
Jaden Schwartz 0 1 1 -1 2 3 2 2 3 0 0/1 17:25 2:19 0:40
John Moore 0 0 0 -1 0 0 2 1 0 0 0/0 21:24 1:55 2:13
Justin Abdelkader 0 0 0 0 0 1 3 1 1 0 0/0 8:21 0:00 0:00
Justin Faulk 0 0 0 -1 2 2 3 0 1 2 0/0 20:27 1:55 1:02
Mark Pysyk 0 0 0 0 0 0 3 0 0 0 0/0 8:42 0:00 0:00
Mikael Granlund 0 0 0 -1 2 9 1 1 0 0 1/1 20:43 3:19 1:42
Nate Schmidt 0 0 0 0 0 0 2 0 0 1 0/0 13:11 0:00 0:48
Nik Antropov 0 0 0 -2 0 2 2 0 0 0 3/7 11:43 0:00 0:00
Ryan Kesler 0 0 0 -1 0 1 3 1 0 1 14/31 19:16 3:19 1:21
Ryan Mcdonagh 1 0 1 -3 0 1 1 4 1 0 0/0 28:53 3:44 4:00
Players Stats for Rangers
Player Name G A P +/- PIM S H SB GA TA FO MP PP MP PK MP
------------------------------------------------------------------------------------
Andrei Kostitsyn 0 1 1 2 0 0 3 0 0 0 1/1 16:43 2:11 1:04
Cam Barker 0 1 1 1 0 2 1 1 0 2 0/0 22:29 2:19 3:57
Chris Bourque 0 0 0 0 0 1 1 1 1 0 1/2 14:08 0:00 3:51
Devante Smith-Pelly 0 0 0 1 0 0 0 0 0 0 1/1 10:25 0:00 0:00
Dmitry Kulikov 0 0 0 2 0 1 0 3 2 0 0/0 20:27 1:19 0:00
Kyle Okposo 0 0 0 2 0 1 0 1 0 0 0/0 15:11 2:11 0:00
Luke Schenn 1 1 2 2 0 4 0 0 0 1 0/0 26:41 2:53 1:42
Mark Fistric 0 0 0 1 0 0 1 3 1 1 0/0 18:30 1:00 2:06
Matt Delahey 0 0 0 1 2 0 2 0 0 0 0/0 12:40 0:00 0:00
Maxime Sauvé 0 0 0 0 0 1 0 0 0 0 6/13 14:22 0:17 3:51
Milan Lucic 1 1 2 1 0 2 2 1 1 0 0/0 17:36 3:01 0:00
Patrice Bergeron 1 2 3 2 2 5 1 0 0 2 6/12 16:17 3:01 0:00
Patrik Nemeth 0 1 1 1 2 0 1 1 0 1 0/0 15:59 0:00 3:33
Rostislav Olesz 0 1 1 1 0 0 0 0 1 0 0/1 10:25 0:00 0:00
Ryan Strome 1 0 1 1 0 1 1 0 0 0 1/1 16:45 2:01 0:00
Sean Couturier 0 1 1 1 0 3 2 0 1 1 13/23 19:18 2:54 1:48
Steve Quailer 0 0 0 0 2 2 1 0 0 0 0/0 11:11 0:00 0:44
Tomas Hertl 1 0 1 1 0 2 3 0 0 0 1/2 14:28 2:53 0:00
3 Stars
1 - Frederik Andersen (NYR)
2 - Patrice Bergeron (NYR)
3 - Milan Lucic (NYR)
Power Play
Predators - 1 on 4 Attempt(s) - 25.00%
Rangers - 1 on 3 Attempt(s) - 33.33%
Penalty Kill
Predators - 2 on 3 Attempt(s) - 66.67%
- Score 0 goal in Penalty Kill
Rangers - 3 on 4 Attempt(s) - 75.00%
- Score 0 goal in Penalty Kill
Team Stat
Predators - Hits : 31 - Faceoff Wins : 26 - Blocked Shots : 17 - Penalty Minutes : 6
Rangers - Hits : 19 - Faceoff Wins : 30 - Blocked Shots : 11 - Penalty Minutes : 8
Official
Referees : Unknown
Linesman : Unknown
Game Notes
Anders Lindback enters game at 11:18 of 2nd period
Alexander Edler is injured at 12:48 of 2nd period (Right Hand)
Finance
Level 1 -- Attendance: 5711 (95.18%) -- Ticket Income $542,545
Level 2 -- Attendance: 4393 (87.86%) -- Ticket Income $263,580
Level 3 -- Attendance: 1801 (90.05%) -- Ticket Income $63,035
Level 4 -- Attendance: 4000 (100.00%) -- Ticket Income $100,000
Luxury Box -- Attendance: 918 (91.80%) -- Ticket Income $165,240
Game was played at the Madison Square Garden.
Total Attendance: 16823 (93.46%)
Total Ticket Income: $1,134,400
Other Income: $170,160
Total Income: $1,304,560
Predators
5 vs 5 Forward
Center Left Wing Right Wing Time % Phy DF OF
1 Ryan Kesler Alexander Ovechkin Mikael Granlund 40 1 2 2
2 Andy Miele Jaden Schwartz Brendan Gallagher 30 1 2 2
3 Nik Antropov Chris Higgins Byron Bitz 20 1 2 2
4 Jack Eichel Justin Abdelkader Mark Pysyk 10 1 2 2
5 vs 5 Defense
Defense Defense Time % Phy DF OF
1 Ryan Mcdonagh Alexander Edler 40 1 2 2
2 John Moore Justin Faulk 30 1 2 2
3 Dmitri Kalinin Nate Schmidt 20 1 2 2
4 Ryan Mcdonagh Alexander Edler 10 1 2 2
PowerPlay Forward
Center Left Wing Right Wing Time % Phy DF OF
1 Ryan Kesler Alexander Ovechkin Mikael Granlund 60 1 2 2
2 Andy Miele Jaden Schwartz Brendan Gallagher 40 1 2 2
PowerPlay Defense
Defense Defense Time % Phy DF OF
1 Ryan Mcdonagh Alexander Edler 60 1 2 2
2 John Moore Justin Faulk 40 1 2 2
Penalty Kill 4 Players Forward
Center Wing Time % Phy DF OF
1 Alexander Ovechkin Mikael Granlund 60 1 2 2
2 Ryan Kesler Jaden Schwartz 40 1 2 2
Penalty Kill 4 Players Defense
Defense Defense Time % Phy DF OF
1 Ryan Mcdonagh Alexander Edler 60 1 2 2
2 John Moore Justin Faulk 40 1 2 2
Penalty Kill - 3 Players Forward
Forward Time % Phy DF OF
1 Alexander Ovechkin 60 1 2 2
2 Mikael Granlund 40 1 2 2
Penalty Kill - 3 Players Defense
Defense Defense Time % Phy DF OF
1 Ryan Mcdonagh Alexander Edler 60 1 2 2
2 John Moore Justin Faulk 40 1 2 2
4 vs 4 Forward
Center Wing Time % Phy DF OF
1 Alexander Ovechkin Mikael Granlund 60 1 2 2
2 Ryan Kesler Jaden Schwartz 40 1 2 2
4 vs 4 Defense
Defense Defense Time % Phy DF OF
1 Ryan Mcdonagh Alexander Edler 60 1 2 2
2 John Moore Justin Faulk 40 1 2 2
Last Minutes Offensive
Center Left Wing Right Wing Defense Defense
Ryan Kesler Alexander Ovechkin Mikael Granlund Ryan Mcdonagh Alexander Edler
Last Minutes Defensive
Center Left Wing Right Wing Defense Defense
Ryan Kesler Alexander Ovechkin Mikael Granlund Ryan Mcdonagh Alexander Edler
Goaltenders
Starting : Viktor Fasth
Backup : Anders Lindback
Extra Forwards
Normal : Chris Higgins, Justin Abdelkader, Byron Bitz - PP : Chris Higgins, Justin Abdelkader - PK : Byron Bitz
Extra Defensemen
Normal : Dmitri Kalinin, Nate Schmidt, John Moore - PP : Dmitri Kalinin - PK : Nate Schmidt, John Moore
Penalty Shots
Alexander Ovechkin, Mikael Granlund, Ryan Kesler, Jaden Schwartz, Brendan Gallagher
Scratches
Blake Geoffrion (Healthy), Niklas Svedberg (Healthy)
Rangers
5 vs 5 Forward
Center Left Wing Right Wing Time % Phy DF OF
1 Sean Couturier Milan Lucic Ryan Strome 40 1 2 2
2 Patrice Bergeron Andrei Kostitsyn Kyle Okposo 30 1 2 2
3 Tomas Hertl Rostislav Olesz Devante Smith-Pelly 20 1 2 2
4 Maxime Sauvé Chris Bourque Steve Quailer 10 1 2 2
5 vs 5 Defense
Defense Defense Time % Phy DF OF
1 Luke Schenn Dmitry Kulikov 40 1 2 2
2 Cam Barker Mark Fistric 30 1 2 2
3 Patrik Nemeth Matt Delahey 20 1 2 2
4 Luke Schenn Cam Barker 10 1 2 2
PowerPlay Forward
Center Left Wing Right Wing Time % Phy DF OF
1 Patrice Bergeron Milan Lucic Ryan Strome 60 1 2 2
2 Sean Couturier Andrei Kostitsyn Kyle Okposo 40 1 2 2
PowerPlay Defense
Defense Defense Time % Phy DF OF
1 Luke Schenn Tomas Hertl 60 1 2 2
2 Cam Barker Dmitry Kulikov 40 1 2 2
Penalty Kill 4 Players Forward
Center Wing Time % Phy DF OF
1 Maxime Sauvé Chris Bourque 60 1 2 2
2 Sean Couturier Steve Quailer 40 1 2 2
Penalty Kill 4 Players Defense
Defense Defense Time % Phy DF OF
1 Cam Barker Patrik Nemeth 60 1 2 2
2 Luke Schenn Mark Fistric 40 1 2 2
Penalty Kill - 3 Players Forward
Forward Time % Phy DF OF
1 Maxime Sauvé 60 1 2 2
2 Sean Couturier 40 1 2 2
Penalty Kill - 3 Players Defense
Defense Defense Time % Phy DF OF
1 Cam Barker Patrik Nemeth 60 1 2 2
2 Luke Schenn Mark Fistric 40 1 2 2
4 vs 4 Forward
Center Wing Time % Phy DF OF
1 Tomas Hertl Ryan Strome 60 1 2 2
2 Patrice Bergeron Milan Lucic 40 1 2 2
4 vs 4 Defense
Defense Defense Time % Phy DF OF
1 Luke Schenn Dmitry Kulikov 60 1 2 2
2 Cam Barker Mark Fistric 40 1 2 2
Last Minutes Offensive
Center Left Wing Right Wing Defense Defense
Milan Lucic Patrice Bergeron Sean Couturier Mark Fistric Dmitry Kulikov
Last Minutes Defensive
Center Left Wing Right Wing Defense Defense
Milan Lucic Patrice Bergeron Sean Couturier Mark Fistric Dmitry Kulikov
Goaltenders
Starting : Frederik Andersen
Backup : Mike Condon
Extra Forwards
Normal : Milan Lucic, Patrice Bergeron, Sean Couturier - PP : Milan Lucic, Patrice Bergeron - PK : Sean Couturier
Extra Defensemen
Normal : Cam Barker, Mark Fistric, Luke Schenn - PP : Cam Barker - PK : Mark Fistric, Luke Schenn
Penalty Shots
Milan Lucic, Patrice Bergeron, Sean Couturier, Tomas Hertl, Maxime Sauvé
Scratches
Magnus Paajarvi (Healthy)
% Time on Ice - Predators
Lines # - Real PCT - Wanted PCT - Time Play
Normal Forward
1 - 31% - 40% - 15:07
2 - 29% - 30% - 14:12
3 - 23% - 20% - 11:15
4 - 16% - 10% - 7:53
Normal Defense
1 - 45% - 40% - 21:45
2 - 30% - 30% - 14:45
3 - 16% - 20% - 7:40
4 - 9% - 10% - 4:17
PP Forward
1 - 59% - 60% - 3:19
2 - 41% - 40% - 2:20
PP Defense
1 - 66% - 60% - 3:44
2 - 34% - 40% - 1:55
PK Forward
1 - 74% - 60% - 3:51
2 - 26% - 40% - 1:21
PK Defense
1 - 65% - 60% - 3:24
2 - 35% - 40% - 1:48
PK3 Forward
1 - 0% - 60%
2 - 0% - 40%
PK3 Defense
1 - 0% - 60%
2 - 0% - 40%
44 Forward
1 - 88% - 60% - 0:37
2 - 12% - 40% - 0:05
44 Defense
1 - 12% - 60% - 0:05
2 - 88% - 40% - 0:37
Last Minute Offensive - 0:00
Last Minute Defensive - 0:00
Total
Forward - 60:00
Defense - 60:00
|
% Time on Ice - Rangers
Lines # - Real PCT - Wanted PCT - Time Play
Normal Forward
1 - 31% - 40% - 15:09
2 - 27% - 30% - 13:00
3 - 21% - 20% - 10:25
4 - 20% - 10% - 9:53
Normal Defense
1 - 40% - 40% - 19:10
2 - 31% - 30% - 15:13
3 - 26% - 20% - 12:27
4 - 3% - 10% - 1:37
PP Forward
1 - 39% - 60% - 2:01
2 - 61% - 40% - 3:11
PP Defense
1 - 55% - 60% - 2:53
2 - 45% - 40% - 2:19
PK Forward
1 - 73% - 60% - 4:07
2 - 27% - 40% - 1:32
PK Defense
1 - 70% - 60% - 3:57
2 - 30% - 40% - 1:42
PK3 Forward
1 - 0% - 60%
2 - 0% - 40%
PK3 Defense
1 - 0% - 60%
2 - 0% - 40%
44 Forward
1 - 95% - 60% - 0:40
2 - 5% - 40% - 0:02
44 Defense
1 - 74% - 60% - 0:31
2 - 26% - 40% - 0:11
Last Minute Offensive - 0:00
Last Minute Defensive - 0:00
Total
Forward - 60:00
Defense - 60:00
|
Play-by-Play
1st period
0:01 of 1st period - Sean Couturier wins face-off versus Ryan Kesler in neutral zone.
0:04 of 1st period - Snap shot by Milan Lucic.
0:04 of 1st period - Stopped by Viktor Fasth without a rebound.
0:05 of 1st period - Ryan Kesler wins face-off versus Sean Couturier in Predators zone.
0:46 of 1st period - Slapshot by Milan Lucic.
0:46 of 1st period - Shot Misses the Net.
0:48 of 1st period - Wrist shot by Sean Couturier.
0:48 of 1st period - Shot Hit the Post.
0:50 of 1st period - Slapshot by Dmitry Kulikov.
0:50 of 1st period - Stopped by Viktor Fasth without a rebound.
0:51 of 1st period - Andy Miele wins face-off versus Patrice Bergeron in Predators zone.
1:40 of 1st period - Minor Penalty to Steve Quailer for Hooking.
1:41 of 1st period - Ryan Kesler wins face-off versus Maxime Sauvé in Rangers zone.
1:57 of 1st period - Slapshot by Mikael Granlund.
1:57 of 1st period - Stopped by Frederik Andersen without a rebound.
1:58 of 1st period - Andy Miele wins face-off versus Maxime Sauvé in Rangers zone.
2:09 of 1st period - Snap shot by Andy Miele.
2:09 of 1st period - Stopped by Frederik Andersen with a rebound.
3:21 of 1st period - Luke Schenn is hit by Brendan Gallagher.
3:40 of 1st period - Penalty to Steve Quailer is over, Steve Quailer is back on ice.
5:02 of 1st period - Dmitry Kulikov is hit by Chris Higgins and loses puck.
6:05 of 1st period - Milan Lucic is hit by Nate Schmidt and loses puck.
6:19 of 1st period - Off-side.
6:20 of 1st period - Tomas Hertl wins face-off versus Jaden Schwartz in neutral zone.
6:49 of 1st period - Snap shot by Mikael Granlund.
6:49 of 1st period - Stopped by Frederik Andersen without a rebound.
6:50 of 1st period - Ryan Kesler wins face-off versus Patrice Bergeron in Rangers zone.
7:10 of 1st period - Mark Fistric is hit by Ryan Kesler and loses puck.
7:27 of 1st period - Slapshot by Devante Smith-Pelly.
7:27 of 1st period - Deflect By Tomas Hertl.
7:27 of 1st period - Shot Blocked by Ryan Mcdonagh.
7:27 of 1st period - Puck is out of play.
7:28 of 1st period - Andy Miele wins face-off versus Rostislav Olesz in Predators zone.
7:55 of 1st period - Snap shot by Rostislav Olesz.
7:55 of 1st period - Shot Misses the Net.
7:57 of 1st period - Slapshot by Luke Schenn.
7:57 of 1st period - Stopped by Viktor Fasth without a rebound.
7:58 of 1st period - Nik Antropov wins face-off versus Patrice Bergeron in Predators zone.
8:07 of 1st period - Chris Higgins is hit by Andrei Kostitsyn and loses puck.
8:31 of 1st period - Slapshot by Mikael Granlund.
8:31 of 1st period - Shot Misses the Net.
8:51 of 1st period - Wrist shot by Jaden Schwartz.
8:51 of 1st period - Shot Misses the Net.
9:41 of 1st period - Icing by Sean Couturier.
9:42 of 1st period - Ryan Kesler wins face-off versus Sean Couturier in Rangers zone.
9:43 of 1st period - Snap shot by Mikael Granlund.
9:43 of 1st period - Shot Misses the Net.
9:53 of 1st period - Wrist shot by Alexander Ovechkin.
9:53 of 1st period - Stopped by Frederik Andersen with a rebound.
9:55 of 1st period - Snap shot by Alexander Ovechkin.
9:55 of 1st period - Shot Blocked by Dmitry Kulikov.
9:57 of 1st period - Wrist shot by Mikael Granlund.
9:57 of 1st period - Stopped by Frederik Andersen with a rebound.
9:59 of 1st period - Backhand shot by Alexander Edler.
9:59 of 1st period - Stopped by Frederik Andersen without a rebound.
10:00 of 1st period - Patrice Bergeron wins face-off versus Andy Miele in Rangers zone.
10:07 of 1st period - Wrist shot by Patrice Bergeron.
10:07 of 1st period - Shot Misses the Net.
10:09 of 1st period - Slapshot by Patrik Nemeth.
10:09 of 1st period - Shot Blocked by Ryan Mcdonagh.
10:11 of 1st period - Snap shot by Andrei Kostitsyn.
10:11 of 1st period - Shot Misses the Net.
10:13 of 1st period - Wrist shot by Patrice Bergeron.
10:13 of 1st period - Goal by Patrice Bergeron - Predators : 0 - Rangers : 1.
10:14 of 1st period - Ryan Strome wins face-off versus Ryan Kesler in neutral zone.
11:06 of 1st period - Patrik Nemeth is hit by John Moore and loses puck.
11:25 of 1st period - Snap shot by Jack Eichel.
11:25 of 1st period - Shot Blocked by Patrik Nemeth.
11:29 of 1st period - Slapshot by Justin Faulk.
11:29 of 1st period - Stopped by Frederik Andersen without a rebound.
11:30 of 1st period - Ryan Kesler wins face-off versus Sean Couturier in Rangers zone.
11:35 of 1st period - Snap shot by Ryan Kesler.
11:35 of 1st period - Deflect By Alexander Ovechkin.
11:35 of 1st period - Shot Misses the Net.
11:35 of 1st period - Puck is out of play.
11:36 of 1st period - Sean Couturier wins face-off versus Ryan Kesler in Rangers zone.
11:36 of 1st period - Sean Couturier is hit by Mikael Granlund.
11:42 of 1st period - Snap shot by Mikael Granlund.
11:42 of 1st period - Stopped by Frederik Andersen with a rebound.
13:05 of 1st period - Ryan Mcdonagh is hit by Patrik Nemeth and loses puck.
13:42 of 1st period - Snap shot by Sean Couturier.
13:42 of 1st period - Stopped by Viktor Fasth without a rebound.
13:43 of 1st period - Andrei Kostitsyn wins face-off versus Nik Antropov in Predators zone.
13:46 of 1st period - Snap shot by Patrice Bergeron.
13:46 of 1st period - Stopped by Viktor Fasth without a rebound.
13:47 of 1st period - Nik Antropov wins face-off versus Patrice Bergeron in Predators zone.
13:47 of 1st period - Nik Antropov is hit by Andrei Kostitsyn.
13:58 of 1st period - Minor Penalty to Patrice Bergeron for Charging.
13:59 of 1st period - Chris Bourque wins face-off versus Ryan Kesler in Rangers zone.
14:03 of 1st period - Slapshot by Cam Barker.
14:03 of 1st period - Stopped by Viktor Fasth without a rebound.
14:04 of 1st period - Maxime Sauvé wins face-off versus Ryan Kesler in Predators zone.
14:13 of 1st period - Snap shot by Mikael Granlund.
14:13 of 1st period - Stopped by Frederik Andersen without a rebound.
14:14 of 1st period - Ryan Kesler wins face-off versus Maxime Sauvé in Rangers zone.
14:17 of 1st period - Snap shot by Ryan Kesler.
14:17 of 1st period - Shot Misses the Net.
14:19 of 1st period - Wrist shot by Mikael Granlund.
14:19 of 1st period - Stopped by Frederik Andersen without a rebound.
14:20 of 1st period - Ryan Kesler wins face-off versus Chris Bourque in Rangers zone.
15:15 of 1st period - Minor Penalty to Jaden Schwartz for Hooking.
15:16 of 1st period - Mikael Granlund wins face-off versus Tomas Hertl in Predators zone.
15:27 of 1st period - Snap shot by Alexander Ovechkin.
15:27 of 1st period - Shot Misses the Net.
15:58 of 1st period - Penalty to Patrice Bergeron is over, Patrice Bergeron is back on ice.
16:01 of 1st period - Wrist shot by Patrice Bergeron.
16:01 of 1st period - Shot Blocked by Alexander Edler.
16:57 of 1st period - Slapshot by Milan Lucic.
16:57 of 1st period - Deflect By Sean Couturier.
16:57 of 1st period - Shot Blocked by Ryan Kesler.
16:57 of 1st period - Puck is out of play.
16:58 of 1st period - Alexander Ovechkin wins face-off versus Maxime Sauvé in Predators zone.
17:13 of 1st period - Slapshot by Kyle Okposo.
17:13 of 1st period - Shot Misses the Net.
17:15 of 1st period - Penalty to Jaden Schwartz is over, Jaden Schwartz is back on ice.
17:15 of 1st period - Snap shot by Maxime Sauvé.
17:15 of 1st period - Stopped by Viktor Fasth with a rebound.
17:25 of 1st period - Mikael Granlund is hit by Chris Bourque and loses puck.
17:34 of 1st period - Tomas Hertl is hit by Jaden Schwartz.
17:44 of 1st period - Rostislav Olesz is hit by Mark Pysyk.
17:48 of 1st period - Mark Pysyk is hit by Matt Delahey and loses puck.
18:05 of 1st period - Snap shot by Jaden Schwartz.
18:05 of 1st period - Stopped by Frederik Andersen without a rebound.
18:06 of 1st period - Sean Couturier wins face-off versus Andy Miele in Rangers zone.
18:06 of 1st period - Sean Couturier is hit by Justin Faulk.
18:30 of 1st period - Mark Fistric is hit by John Moore and loses puck.
19:02 of 1st period - Alexander Edler is hit by Steve Quailer and loses puck.
19:28 of 1st period - Icing by Byron Bitz.
19:29 of 1st period - Nik Antropov wins face-off versus Sean Couturier in Predators zone.
Goals for this period are 0 for Predators vs 1 for Rangers.
Shots for this period are 11 for Predators vs 8 for Rangers.
2nd period
0:01 of 2nd period - Ryan Kesler wins face-off versus Sean Couturier in neutral zone.
0:56 of 2nd period - Slapshot by Tomas Hertl.
0:56 of 2nd period - Shot Misses the Net.
1:33 of 2nd period - Cam Barker is hit by Nate Schmidt and loses puck.
1:52 of 2nd period - Slapshot by Ryan Mcdonagh.
1:52 of 2nd period - Shot Blocked by Kyle Okposo.
2:13 of 2nd period - Slapshot by Tomas Hertl.
2:13 of 2nd period - Goal by Tomas Hertl - Predators : 0 - Rangers : 2.
2:14 of 2nd period - Alexander Ovechkin wins face-off versus Sean Couturier in neutral zone.
2:46 of 2nd period - Slapshot by Kyle Okposo.
2:46 of 2nd period - Shot Blocked by Brendan Gallagher.
2:48 of 2nd period - Slapshot by Kyle Okposo.
2:48 of 2nd period - Shot Blocked by Jaden Schwartz.
2:50 of 2nd period - Snap shot by Andrei Kostitsyn.
2:50 of 2nd period - Shot Misses the Net.
2:52 of 2nd period - Wrist shot by Luke Schenn.
2:52 of 2nd period - Stopped by Viktor Fasth with a rebound.
3:01 of 2nd period - Ryan Mcdonagh is hit by Tomas Hertl and loses puck.
3:46 of 2nd period - Cam Barker is hit by Justin Abdelkader.
4:34 of 2nd period - Nik Antropov is hit by Tomas Hertl and loses puck.
5:52 of 2nd period - Luke Schenn is hit by Jaden Schwartz and loses puck.
6:19 of 2nd period - Snap shot by Jaden Schwartz.
6:19 of 2nd period - Stopped by Frederik Andersen with a rebound.
6:21 of 2nd period - Snap shot by Ryan Mcdonagh.
6:21 of 2nd period - Shot Misses the Net.
6:23 of 2nd period - Wrist shot by Brendan Gallagher.
6:23 of 2nd period - Stopped by Frederik Andersen with a rebound.
6:25 of 2nd period - Snap shot by Brendan Gallagher.
6:25 of 2nd period - Stopped by Frederik Andersen with a rebound.
6:27 of 2nd period - Wrist shot by Andy Miele.
6:27 of 2nd period - Stopped by Frederik Andersen with a rebound.
6:29 of 2nd period - Wrist shot by Jaden Schwartz.
6:29 of 2nd period - Shot Blocked by Dmitry Kulikov.
6:31 of 2nd period - Snap shot by Jaden Schwartz.
6:31 of 2nd period - Stopped by Frederik Andersen without a rebound.
6:32 of 2nd period - Ryan Kesler wins face-off versus Sean Couturier in Rangers zone.
6:59 of 2nd period - Byron Bitz is hit by Mark Fistric and loses puck.
7:27 of 2nd period - Mark Fistric is hit by Mark Pysyk and loses puck.
8:17 of 2nd period - Wrist shot by Steve Quailer.
8:17 of 2nd period - Shot Blocked by John Moore.
8:19 of 2nd period - Snap shot by Luke Schenn.
8:19 of 2nd period - Shot Blocked by Justin Abdelkader.
8:40 of 2nd period - Wrist shot by Justin Abdelkader.
8:40 of 2nd period - Stopped by Frederik Andersen without a rebound.
8:41 of 2nd period - Sean Couturier wins face-off versus Ryan Kesler in Rangers zone.
8:46 of 2nd period - Snap shot by Sean Couturier.
8:46 of 2nd period - Stopped by Viktor Fasth with a rebound.
8:48 of 2nd period - Slapshot by Mark Fistric.
8:48 of 2nd period - Shot Blocked by Alexander Edler.
9:09 of 2nd period - Off-side.
9:10 of 2nd period - Patrice Bergeron wins face-off versus Nik Antropov in neutral zone.
9:13 of 2nd period - Wrist shot by Luke Schenn.
9:13 of 2nd period - Goal by Luke Schenn - Predators : 0 - Rangers : 3.
9:14 of 2nd period - Sean Couturier wins face-off versus Ryan Kesler in neutral zone.
9:22 of 2nd period - Minor Penalty to Mikael Granlund for Hooking.
9:23 of 2nd period - Alexander Ovechkin wins face-off versus Patrice Bergeron in Predators zone.
9:38 of 2nd period - Snap shot by Patrice Bergeron.
9:38 of 2nd period - Stopped by Viktor Fasth with a rebound.
9:40 of 2nd period - Snap shot by Patrice Bergeron.
9:40 of 2nd period - Stopped by Viktor Fasth with a rebound.
9:54 of 2nd period - Backhand shot by Tomas Hertl.
9:54 of 2nd period - Shot Blocked by Alexander Edler.
9:56 of 2nd period - Wrist shot by Sean Couturier.
9:56 of 2nd period - Shot Misses the Net.
9:58 of 2nd period - Snap shot by Tomas Hertl.
9:58 of 2nd period - Stopped by Viktor Fasth without a rebound.
9:59 of 2nd period - Patrice Bergeron wins face-off versus Alexander Ovechkin in Predators zone.
11:10 of 2nd period - Icing by Tomas Hertl.
11:11 of 2nd period - Sean Couturier wins face-off versus Alexander Ovechkin in Rangers zone.
11:18 of 2nd period - Slapshot by Luke Schenn.
11:18 of 2nd period - Deflect By Milan Lucic.
11:18 of 2nd period - Goal by Milan Lucic - Predators : 0 - Rangers : 4.
11:18 of 2nd period - Anders Lindback enters game.
11:19 of 2nd period - Sean Couturier wins face-off versus Ryan Kesler in neutral zone.
11:32 of 2nd period - Snap shot by Sean Couturier.
11:32 of 2nd period - Stopped by Anders Lindback with a rebound.
11:34 of 2nd period - Slapshot by Dmitry Kulikov.
11:34 of 2nd period - Shot Blocked by Ryan Mcdonagh.
12:30 of 2nd period - Wrist shot by Chris Bourque.
12:30 of 2nd period - Deflect By Steve Quailer.
12:30 of 2nd period - Shot Blocked by Chris Higgins.
12:30 of 2nd period - Puck is out of play.
12:31 of 2nd period - Maxime Sauvé wins face-off versus Nik Antropov in Predators zone.
12:34 of 2nd period - Slapshot by Steve Quailer.
12:34 of 2nd period - Shot Blocked by Byron Bitz.
12:44 of 2nd period - Slapshot by Steve Quailer.
12:44 of 2nd period - Stopped by Anders Lindback without a rebound.
12:45 of 2nd period - Sean Couturier wins face-off versus Ryan Kesler in Predators zone.
12:48 of 2nd period - Snap shot by Sean Couturier.
12:48 of 2nd period - Shot Blocked by Alexander Edler.
12:48 of 2nd period - Alexander Edler from Predators is injured at 12:48 of 2nd period (Right Hand).
12:49 of 2nd period - Sean Couturier wins face-off versus Ryan Kesler in Predators zone.
12:52 of 2nd period - Wrist shot by Ryan Strome.
12:52 of 2nd period - Goal by Ryan Strome - Predators : 0 - Rangers : 5.
12:53 of 2nd period - Sean Couturier wins face-off versus Ryan Kesler in neutral zone.
13:14 of 2nd period - Sean Couturier is hit by Dmitri Kalinin and loses puck.
13:27 of 2nd period - Snap shot by Patrice Bergeron.
13:27 of 2nd period - Stopped by Anders Lindback with a rebound.
14:51 of 2nd period - Wrist shot by Byron Bitz.
14:51 of 2nd period - Deflect By Nik Antropov.
14:51 of 2nd period - Stopped by Frederik Andersen without a rebound.
14:52 of 2nd period - Ryan Kesler wins face-off versus Patrice Bergeron in Rangers zone.
15:07 of 2nd period - Wrist shot by Ryan Kesler.
15:07 of 2nd period - Stopped by Frederik Andersen with a rebound.
15:15 of 2nd period - Minor Penalty to Patrik Nemeth for Diving.
15:16 of 2nd period - Ryan Kesler wins face-off versus Maxime Sauvé in Rangers zone.
15:19 of 2nd period - Wrist shot by Alexander Ovechkin.
15:19 of 2nd period - Shot Blocked by Chris Bourque.
15:21 of 2nd period - Snap shot by Alexander Ovechkin.
15:21 of 2nd period - Stopped by Frederik Andersen with a rebound.
15:23 of 2nd period - Backhand shot by Alexander Ovechkin.
15:23 of 2nd period - Stopped by Frederik Andersen with a rebound.
15:25 of 2nd period - Snap shot by Ryan Mcdonagh.
15:25 of 2nd period - Shot Blocked by Cam Barker.
15:33 of 2nd period - Snap shot by Mikael Granlund.
15:33 of 2nd period - Stopped by Frederik Andersen without a rebound.
15:34 of 2nd period - Andy Miele wins face-off versus Maxime Sauvé in Rangers zone.
15:35 of 2nd period - Snap shot by Jaden Schwartz.
15:35 of 2nd period - Shot Misses the Net.
15:37 of 2nd period - Wrist shot by Jaden Schwartz.
15:37 of 2nd period - Shot Misses the Net.
15:39 of 2nd period - Slapshot by Ryan Mcdonagh.
15:39 of 2nd period - Goal by Ryan Mcdonagh - Predators : 1 - Rangers : 5.
15:40 of 2nd period - Ryan Kesler wins face-off versus Sean Couturier in neutral zone.
16:05 of 2nd period - Dmitri Kalinin is hit by Patrice Bergeron and loses puck.
16:26 of 2nd period - Snap shot by Byron Bitz.
16:26 of 2nd period - Shot Misses the Net.
16:44 of 2nd period - Off-side.
16:45 of 2nd period - Jack Eichel wins face-off versus Maxime Sauvé in neutral zone.
16:52 of 2nd period - Slapshot by Jack Eichel.
16:52 of 2nd period - Stopped by Frederik Andersen with a rebound.
16:54 of 2nd period - Wrist shot by Mark Pysyk.
16:54 of 2nd period - Shot Blocked by Dmitry Kulikov.
16:56 of 2nd period - Snap shot by Jack Eichel.
16:56 of 2nd period - Stopped by Frederik Andersen without a rebound.
16:57 of 2nd period - Sean Couturier wins face-off versus Ryan Kesler in Rangers zone.
16:57 of 2nd period - Sean Couturier is hit by Dmitri Kalinin.
17:23 of 2nd period - Brendan Gallagher is hit by Andrei Kostitsyn and loses puck.
18:41 of 2nd period - Minor Penalty to Matt Delahey for Holding.
18:42 of 2nd period - Maxime Sauvé wins face-off versus Ryan Kesler in Rangers zone.
Goals for this period are 1 for Predators vs 4 for Rangers.
Shots for this period are 14 for Predators vs 12 for Rangers.
3rd period
0:01 of 3rd period - Maxime Sauvé wins face-off versus Ryan Kesler in neutral zone.
0:32 of 3rd period - Snap shot by Brendan Gallagher.
0:32 of 3rd period - Stopped by Frederik Andersen without a rebound.
0:33 of 3rd period - Sean Couturier wins face-off versus Ryan Kesler in Rangers zone.
0:41 of 3rd period - Penalty to Matt Delahey is over, Matt Delahey is back on ice.
1:26 of 3rd period - Kyle Okposo is hit by Justin Faulk and loses puck.
1:31 of 3rd period - Snap shot by Nik Antropov.
1:31 of 3rd period - Stopped by Frederik Andersen with a rebound.
1:43 of 3rd period - Ryan Kesler is hit by Matt Delahey and loses puck.
2:02 of 3rd period - Ryan Mcdonagh is hit by Sean Couturier.
2:24 of 3rd period - Wrist shot by Steve Quailer.
2:24 of 3rd period - Shot Misses the Net.
2:26 of 3rd period - Slapshot by Steve Quailer.
2:26 of 3rd period - Shot Blocked by Jaden Schwartz.
2:38 of 3rd period - Dmitry Kulikov is hit by Ryan Kesler and loses puck.
3:53 of 3rd period - Minor Penalty to Justin Faulk for Tripping.
3:54 of 3rd period - Patrice Bergeron wins face-off versus Alexander Ovechkin in Predators zone.
4:18 of 3rd period - Icing by Luke Schenn.
4:19 of 3rd period - Patrice Bergeron wins face-off versus Alexander Ovechkin in Rangers zone.
4:26 of 3rd period - Alexander Ovechkin is hit by Sean Couturier and loses puck.
4:35 of 3rd period - Slapshot by Sean Couturier.
4:35 of 3rd period - Deflect By Mikael Granlund.
4:35 of 3rd period - Shot Misses the Net.
4:35 of 3rd period - Puck is out of play.
4:36 of 3rd period - Patrice Bergeron wins face-off versus Alexander Ovechkin in Predators zone.
5:53 of 3rd period - Penalty to Justin Faulk is over, Justin Faulk is back on ice.
6:01 of 3rd period - Nate Schmidt is hit by Tomas Hertl and loses puck.
6:45 of 3rd period - Ryan Strome is hit by Justin Faulk and loses puck.
7:08 of 3rd period - Patrice Bergeron is hit by Brendan Gallagher and loses puck.
7:21 of 3rd period - Chris Bourque is hit by Ryan Kesler and loses puck.
7:32 of 3rd period - Rostislav Olesz is hit by Jack Eichel and loses puck.
7:39 of 3rd period - Luke Schenn is hit by Jack Eichel and loses puck.
8:25 of 3rd period - Luke Schenn is hit by Nik Antropov and loses puck.
8:32 of 3rd period - Snap shot by Chris Higgins.
8:32 of 3rd period - Stopped by Frederik Andersen with a rebound.
8:34 of 3rd period - Slapshot by Jack Eichel.
8:34 of 3rd period - Stopped by Frederik Andersen with a rebound.
8:36 of 3rd period - Wrist shot by Chris Higgins.
8:36 of 3rd period - Shot Misses the Net.
8:46 of 3rd period - Steve Quailer is hit by Mark Pysyk.
8:55 of 3rd period - Chris Bourque is hit by Justin Abdelkader and loses puck.
9:15 of 3rd period - Icing by Mark Fistric.
9:16 of 3rd period - Maxime Sauvé wins face-off versus Ryan Kesler in Rangers zone.
9:23 of 3rd period - Slapshot by Cam Barker.
9:23 of 3rd period - Stopped by Anders Lindback with a rebound.
9:25 of 3rd period - Snap shot by Chris Bourque.
9:25 of 3rd period - Shot Misses the Net.
9:27 of 3rd period - Snap shot by Steve Quailer.
9:27 of 3rd period - Stopped by Anders Lindback without a rebound.
9:28 of 3rd period - Sean Couturier wins face-off versus Ryan Kesler in Predators zone.
9:31 of 3rd period - Wrist shot by Sean Couturier.
9:31 of 3rd period - Shot Blocked by Mikael Granlund.
9:37 of 3rd period - Sean Couturier is hit by Alexander Ovechkin and loses puck.
10:37 of 3rd period - Wrist shot by Justin Faulk.
10:37 of 3rd period - Deflect By Jack Eichel.
10:37 of 3rd period - Stopped by Frederik Andersen without a rebound.
10:38 of 3rd period - Maxime Sauvé wins face-off versus Jack Eichel in Rangers zone.
10:45 of 3rd period - Snap shot by Chris Bourque.
10:45 of 3rd period - Stopped by Anders Lindback with a rebound.
11:03 of 3rd period - Ryan Kesler is hit by Milan Lucic and loses puck.
11:10 of 3rd period - Slapshot by Nate Schmidt.
11:10 of 3rd period - Shot Misses the Net.
11:12 of 3rd period - Slapshot by Dmitri Kalinin.
11:12 of 3rd period - Shot Blocked by Milan Lucic.
11:14 of 3rd period - Slapshot by Dmitri Kalinin.
11:14 of 3rd period - Shot Misses the Net.
11:35 of 3rd period - Dmitry Kulikov is hit by Ryan Mcdonagh.
11:56 of 3rd period - Snap shot by Andrei Kostitsyn.
11:56 of 3rd period - Shot Blocked by Ryan Mcdonagh.
13:50 of 3rd period - Luke Schenn is hit by Brendan Gallagher and loses puck.
14:17 of 3rd period - Wrist shot by Kyle Okposo.
14:17 of 3rd period - Stopped by Anders Lindback with a rebound.
14:19 of 3rd period - Slapshot by Luke Schenn.
14:19 of 3rd period - Stopped by Anders Lindback without a rebound.
14:20 of 3rd period - Ryan Kesler wins face-off versus Sean Couturier in Predators zone.
14:27 of 3rd period - Slapshot by John Moore.
14:27 of 3rd period - Deflect By Mikael Granlund.
14:27 of 3rd period - Stopped by Frederik Andersen without a rebound.
14:28 of 3rd period - Ryan Kesler wins face-off versus Sean Couturier in Rangers zone.
14:33 of 3rd period - Wrist shot by Mikael Granlund.
14:33 of 3rd period - Shot Hit the Post.
14:35 of 3rd period - Wrist shot by Ryan Kesler.
14:35 of 3rd period - Deflect By Mikael Granlund.
14:35 of 3rd period - Stopped by Frederik Andersen with a rebound.
14:37 of 3rd period - Wrist shot by Alexander Ovechkin.
14:37 of 3rd period - Shot Blocked by Mark Fistric.
14:39 of 3rd period - Slapshot by Justin Faulk.
14:39 of 3rd period - Shot Blocked by Mark Fistric.
14:41 of 3rd period - Slapshot by John Moore.
14:41 of 3rd period - Shot Misses the Net.
14:57 of 3rd period - Slapshot by Justin Faulk.
14:57 of 3rd period - Shot Blocked by Mark Fistric.
14:59 of 3rd period - Slapshot by Ryan Kesler.
14:59 of 3rd period - Shot Misses the Net.
15:01 of 3rd period - Slapshot by Ryan Kesler.
15:01 of 3rd period - Shot Hit the Post.
15:03 of 3rd period - Slapshot by Justin Faulk.
15:03 of 3rd period - Stopped by Frederik Andersen without a rebound.
15:04 of 3rd period - Devante Smith-Pelly wins face-off versus Nik Antropov in Rangers zone.
15:04 of 3rd period - Devante Smith-Pelly is hit by Nik Antropov.
15:41 of 3rd period - Slapshot by Jack Eichel.
15:41 of 3rd period - Shot Misses the Net.
16:35 of 3rd period - John Moore is hit by Ryan Strome.
16:50 of 3rd period - Maxime Sauvé is hit by Justin Abdelkader.
17:20 of 3rd period - Justin Abdelkader is hit by Cam Barker and loses puck.
18:07 of 3rd period - Nate Schmidt is hit by Milan Lucic and loses puck.
Goals for this period are 0 for Predators vs 0 for Rangers.
Shots for this period are 8 for Predators vs 5 for Rangers.